 Dungeon Crawl Stone Soup version 0.21.1-72-gffa868e0fe (webtiles) character file.

104991 Orcmeat the Unseen (level 15, -15/83 HPs)
             Began as a Spriggan Enchanter on Aug 4, 2018.
             Was the Champion of Dithmenos.
             Killed from afar by Aizul (55 damage)
             ... with a bolt of poison
             ... on level 1 of the Shoals on Aug 5, 2018.
             The game lasted 03:02:11 (40512 turns).

Orcmeat the Unseen (Spriggan Enchanter)            Turns: 40512, Time: 03:02:12

Health: -15/83     AC:  6    Str:  4    XL:     15   Next: 93%
Magic:  28/28      EV: 30    Int: 21    God:    Dithmenos [******]
Gold:   3349       SH: 11    Dex: 24    Spells: 8/30 levels left

rFire    . . .     SeeInvis +   B - +3 rapier (vamp)
rCold    . . .     Gourm    .   E - +3 buckler
rNeg     . . .     Faith    .   V - +2 robe {Archmagi}
rPois    .         Spirit   .   Z - +1 hat
rElec    .         Reflect  .   N - +0 cloak
rCorr    .         Harm     +   (gloves unavailable)
MR       ++...                  (boots unavailable)
Stlth    +++++++...             q - amulet of harm
HPRegen  0.23/turn              p - ring of wizardry
MPRegen  0.21/turn              v - +5 ring of dexterity

@: lethally poisoned (-15 -> -34), wreathed by umbra, heavily drained, slow
A: very small, unfitting armour, see invisible, herbivore, speed 3, slow
metabolism 2
a: Shadow Step, Shadow Form, Renounce Religion


You were on level 1 of the Shoals.
You worshipped Dithmenos.
Dithmenos was exalted by your worship.
You were hungry.

You visited 6 branches of the dungeon, and saw 26 of its levels.
You also visited: Bailey.

You collected 3349 gold pieces.

Inventory:

Hand Weapons
 B - a +3 vampiric rapier (weapon)
Missiles
 i - 53 tomahawks of returning (quivered)
 M - a throwing net
Armour
 E - a +3 buckler (worn)
 I - a +2 robe of fire resistance
 N - a +0 cloak (worn)
 U - a +2 robe of cold resistance
 V - a +2 robe of the Archmagi (worn)
 Z - a +1 hat (worn)
Jewellery
 c - an uncursed ring of stealth {unknown}
 l - an uncursed ring of fire {unknown}
 p - a ring of wizardry (left hand)
 q - an amulet of harm (around neck)
 v - a +5 ring of dexterity (right hand)
 H - an uncursed ring of flight
Wands
 b - a wand of scattershot (4)
 j - a wand of digging (9)
 m - a wand of polymorph (13)
 w - a wand of acid (3)
 J - a wand of paralysis (82)
 P - a wand of disintegration (5)
 T - a wand of iceblast (27)
Scrolls
 a - a scroll of vulnerability {unknown}
 e - 6 scrolls of identify
 f - 2 scrolls of magic mapping
 g - 4 scrolls of enchant armour
 h - a scroll of fear
 k - 8 scrolls of remove curse
 n - 11 scrolls of teleportation
 u - 4 scrolls of fog
 R - 2 scrolls of blinking
Potions
 r - 3 potions of haste
 s - a potion of heal wounds
 t - 2 potions of resistance
 z - 2 potions of magic
 A - 5 potions of curing
Miscellaneous
 L - a phantom mirror
Comestibles
 d - 24 rations


   Skills:
 + Level 11.6(8.6) Fighting
 + Level 14.6(11.5) Short Blades
 + Level 14.1(11.0) Dodging
 + Level 19.9(16.3) Stealth
 - Level 7.2(4.5) Shields
 - Level 8.0(5.3) Spellcasting
 + Level 8.2(5.5) Hexes
 - Level 5.0(2.5) Charms
 - Level 2.1(0.0) Ice Magic


You had 8 spell levels left.
You knew the following spells:

 Your Spells              Type           Power        Failure   Level  Hunger
a - Ozocubu's Armour      Chrm/Ice       ###.....     9%          3    ##.....
b - Corona                Hex            #####..      1%          1    None
c - Confuse               Hex            #####...     1%          3    ##.....
d - Tukima's Dance        Hex            #####...     1%          3    ##.....
e - Infusion              Chrm           ###.         1%          1    None
f - Shroud of Golubria    Chrm/Tloc      ###.......   4%          2    None
s - Cause Fear            Hex            #####.....   5%          4    ####...
x - Dazzling Spray        Conj/Hex       ####..       4%          3    ##.....
z - Ensorcelled Hibernat  Hex/Ice        ####..       2%          2    None


Dungeon Overview and Level Annotations

Branches:
Dungeon (15/15)            Temple (1/1) D:7            Lair (6/6) D:10
 Shoals (1/4) Lair:4       Spider (0/4) Lair:2        Slime (0/5) Lair:5
    Orc (2/2) D:11            Elf (1/3) Orc:2        Vaults (0/5) D:14
 Depths (0/5) D:15

Altars:
Ashenzari
Cheibriados
Dithmenos
Elyvilon
Fedhas
Gozag
Hepliaklqana
Kikubaaqudgha
Makhleb
Nemelex Xobeh
Qazlal
Ru
Sif Muna
Trog
Uskayaw
Vehumet
Wu Jian
Xom
Yredelemnul
Zin
Beogh
Jiyva
Lugonu

Shops:
D:4 **   Orc:1 ?   Orc:2 (!*%   Elf:1 =   Shoals:1 %

Annotations:
D:4 Pikel
D:6 Tali's ghost, novice DsBe
D:10 exclusion: ice statue
D:15 exclusions: Roxanne and orange crystal statue, Roxanne
Lair:2 exclusion: 2 oklob plants
Shoals:1 Aizul


Innate Abilities, Weirdness & Mutations

You are very small and have problems with some larger weapons.
You are too small for most types of armour.
You have supernaturally acute eyesight. (SInv)
You are a herbivore.
You cover ground extremely quickly.
You need consume almost no food.


Message History

You feel sick.
You feel sick.
You enter the shallow water.
Moving in this stuff is going to be slow.
You feel sick.
You feel sick.
A merfolk siren comes into view. It is wielding a spear.
You feel sick.
Aizul hisses menacingly.
Aizul casts a spell at you. The bolt of poison misses you.
You feel sick.
Aizul says, "Feeling sleepy?"
You feel sick.
You feel sick. Aizul casts a spell at you. The bolt of poison hits you!
You are more poisoned.
Ouch! That really hurt!
You die...

≈≈≈≈≈≈≈≈≈≈≈≈≈≈≈.....###..≈≈≈≈ .≈
≈≈≈≈≈≈≈≈≈≈≈≈..≈....###...≈≈≈
#>≈≈≈....≈≈≈≈≈≈...≈..........≈≈≈
#.≈≈≈≈ #.≈≈≈≈≈.#...≈..≈≈.......≈
..≈.≈≈###≈≈≈≈≈.........≈≈....≈...
...≈≈≈..≈≈≈≈≈≈≈≈.#.....≈...≈≈...
##.≈≈≈....≈≈≈≈≈≈.##........≈≈...
##..≈≈≈§≈..≈≈.≈≈≈...#......≈≈....
....%≈≈§§..m≈S≈≈@...........≈≈..≈
.....PP§§##.P≈≈≈≈≈..........≈≈≈≈.
....SP≈§§#..P≈.≈≈≈≈≈.##...≈≈≈≈≈≈.
#.###PP§m§P§.≈≈≈≈≈≈≈.###...≈≈≈≈≈≈
#..PP≈PP≈≈≈≈≈≈≈.........≈≈≈≈≈
#....P≈≈P≈P≈≈≈P≈....≈........≈
#.##≈P≈P≈PPP≈≈≈≈....≈.#.≈≈≈... #.
.≈≈≈≈≈≈PP≈≈≈...≈.≈.#.≈≈≈≈.. #
.≈≈≈≈≈≈≈P P...≈≈..≈≈≈≈≈≈≈≈


You could see Aizul and a merfolk.

Vanquished Creatures
  An orc warlord (Orc:2)
  A deep elf demonologist (Elf:1)
  Snorg (Orc:1)
  An ettin (Orc:1)
  Josephine (Orc:2)
  The ghost of Dommiel19 the Severer, a journeyman MiFi of Makhleb (D:11)
  2 fire dragons
  An ice dragon (D:15)
  3 hydras
  Fannar (Orc:1)
  8 vault guards (D:14)
  11 two-headed ogres
  4 centaur warriors
  4 tengu warriors
  2 dancing weapons (Elf:1)
  The ghost of IceCat the Basher, a journeyman GrFi of Okawaru (D:9)
  4 orc high priests (Orc:2)
  Nergalle (D:11)
  Sonja (D:11)
  2 deep elf knights (Elf:1)
  3 unseen horrors
  2 deep elf archers (Elf:1)
  7 orc knights
  12 deep elf magi
  4 orc sorcerers
  10 elephants
  3 ugly things
  6 centaur zombies
  3 manticores
  Maurice (D:9)
  4 black mambas
  A water nymph (Shoals:1)
  3 gargoyles
  7 spiny frogs
  A torpor snail (Lair:5)
  2 rime drakes (Lair:4)
  2 kobold demonologists
  6 komodo dragons
  9 trolls
  A tengu conjurer (D:14)
  5 polar bears
  6 hornets
  A slime creature (shapeshifter) (Elf:1)
  12 blink frogs
  10 hippogriffs
  14 dream sheep
  3 shadows
  4 redbacks (D:13)
  13 spriggans
  2 vampires
  A basilisk (Lair:4)
  4 wraiths
  3 hungry ghosts
  3 wyverns
  3 fire elementals (Elf:1)
  34 yaks
  5 wargs
  A steam dragon (D:9)
  A two-headed ogre zombie (D:11)
  An acid dragon (D:15)
  6 water moccasins
  5 porcupines
  2 black bears (Lair:6)
  3 sky beasts
  47 orc warriors
  9 ice beasts
  18 ogres
  4 phantoms
  4 boggarts (Lair:6)
  A slave (D:4)
  43 wolves
  A necrophage (D:8)
  24 centaurs
  12 crocodiles
  Blork the orc (D:4)
  5 big kobolds
  2 earth elementals (Elf:1)
  24 bullfrogs
  A wyvern skeleton (D:7)
  7 scorpions
  3 troll zombies (D:11)
  9 wights
  7 electric eels
  8 jellies
  6 howler monkeys
  7 crimson imps
  3 bullfrog zombies
  2 quasits
  9 hounds
  5 bullfrog skeletons
  39 orc priests
  Crazy Yiuf (D:7)
  20 orc wizards
  Terence (D:3)
  9 centaur skeletons
  An iguana (D:7)
  8 worker ants
  Natasha (D:4)
  4 ogre zombies (D:11)
  A hound skeleton (D:5)
  2 worker ant zombies
  A howler monkey zombie (D:5)
  8 gnolls
  13 adders
  6 shadow imps
  14 oozes
  3 adder zombies
  An adder skeleton (D:4)
  3 worms (Lair:2)
  A worm (shapeshifter) (D:15)
  2 dart slugs (D:1)
  6 leopard geckos
  131 orcs
  4 giant cockroaches
  2 gnoll zombies (D:8)
  14 goblins
  6 hobgoblins
  3 jackals (D:3)
  6 quokkas
  2 ball pythons
  10 bats
  6 frilled lizards
  2 goblin zombies (D:11)
  5 hobgoblin skeletons (D:11)
  4 hobgoblin zombies (D:11)
  45 kobolds
  A leopard gecko skeleton (D:8)
  A leopard gecko zombie (D:8)
  An orc skeleton (D:11)
  12 orc zombies (D:11)
  A quokka zombie (D:5)
  8 rats
951 creatures vanquished.

Vanquished Creatures (collateral kills)
  A two-headed ogre (D:8)
  2 orc warriors (Orc:2)
  3 wights (D:9)
  An orc priest (Orc:2)
  An orc (Orc:1)
  A goblin (Bailey)
  A hobgoblin (Bailey)
10 creatures vanquished.

Vanquished Creatures (others)
  5 dancing weapons
  An orc priest (Orc:2)
  A goblin skeleton (D:11)
  40 fungi
  22 plants
  7 toadstools (D:4)
76 creatures vanquished.

Grand Total: 1037 creatures vanquished

Notes
Turn   | Place    | Note
-------+----------+-------------------------------------------
     0 | D:1      | Orcmeat the Spriggan Enchanter began the quest for the Orb.
     0 | D:1      | Reached XP level 1. HP: 9/9 MP: 5/5
   442 | D:1      | Reached XP level 2. HP: 12/13 MP: 5/7
   559 | D:1      | Learned a level 2 spell: Ensorcelled Hibernation
  1568 | D:2      | Reached XP level 3. HP: 16/16 MP: 8/8
  1726 | D:2      | Learned a level 3 spell: Confuse
  1823 | D:2      | Reached skill level 5 in Hexes
  1823 | D:2      | Reached skill level 1 in Ice Magic
  1991 | D:2      | Reached XP level 4. HP: 21/21 MP: 5/10
  2572 | D:3      | Noticed Terence
  3045 | D:3      | Killed Terence
  3409 | D:3      | Reached XP level 5. HP: 25/25 MP: 6/11
  3437 | D:3      | Reached skill level 5 in Stealth
  3583 | D:3      | Found a sparkling altar of Nemelex Xobeh.
  3585 | D:3      | Found a bloodstained altar of Trog.
  3613 | D:3      | Found a burning altar of Makhleb.
  3760 | D:3      | Reached skill level 1 in Fighting
  3930 | D:4      | Found Giowk's Assorted Antiques.
  4076 | D:4      | Found Wuyps's Assorted Antiques.
  4095 | D:4      | Noticed Blork the orc
  4147 | D:4      | Killed Blork the orc
  4340 | D:4      | Reached XP level 6. HP: 18/30 MP: 2/13
  5116 | D:4      | Noticed Pikel
  5116 | D:4      | Noticed a slave
  5117 | D:4      | Noticed a slave
  5117 | D:4      | Noticed a slave
  5119 | D:4      | Killed a slave
  5120 | D:4      | Noticed a slave
  5134 | D:4      | Reached skill level 6 in Stealth
  5634 | D:4      | Reached XP level 7. HP: 35/35 MP: 5/15
  5824 | D:4      | Found a hazy altar of Hepliaklqana.
  5858 | D:4      | Noticed Natasha
  5916 | D:4      | Killed Natasha
  5916 | D:4      | Reached skill level 5 in Spellcasting
  6047 | D:5      | Entered Level 5 of the Dungeon
  6168 | D:5      | Reached skill level 5 in Dodging
  6287 | D:5      | Learned a level 3 spell: Dazzling Spray
  6322 | D:5      | Reached skill level 7 in Stealth
  6429 | D:5      | Found a glowing silver altar of Zin.
  6794 | D:5      | Found a sacrificial altar of Ru.
  7030 | D:6      | Found an opulent altar of Gozag.
  7179 | D:6      | Reached XP level 8. HP: 39/39 MP: 17/17
  7298 | D:6      | Found a shattered altar of Ashenzari.
  7302 | D:6      | Found a snail-covered altar of Cheibriados.
  7367 | D:6      | Reached skill level 1 in Shields
  7411 | D:6      | Noticed Tali's ghost (novice DsBe)
  8159 | D:7      | Found a shimmering altar of Xom.
  8161 | D:7      | Reached skill level 8 in Stealth
  8165 | D:7      | Found a shimmering altar of Xom.
  8166 | D:7      | Found a shimmering altar of Xom.
  8166 | D:7      | Found a shimmering altar of Xom.
  8166 | D:7      | Found a shimmering altar of Xom.
  8236 | D:7      | Found a shimmering altar of Xom.
  8435 | D:7      | Found a burning altar of Makhleb.
  8439 | D:7      | Got a smoking whip
  8442 | D:7      | Identified the +4 whip of Guile {speed, Dex+2 Stlth+} (You found it on level 7 of the Dungeon)
  8508 | D:7      | Reached skill level 5 in Short Blades
  9010 | D:7      | Found a staircase to the Ecumenical Temple.
  9140 | Temple   | Entered the Ecumenical Temple
  9168 | Temple   | Became a worshipper of Dithmenos the Shadowed
  9299 | D:7      | Reached skill level 9 in Stealth
  9299 | D:7      | Reached XP level 9. HP: 35/45 MP: 0/18
  9731 | D:7      | Found a runed door.
  9735 | D:7      | Noticed Crazy Yiuf
  9738 | D:7      | Killed Crazy Yiuf
  9816 | D:7      | Learned a level 3 spell: Tukima's Dance
 10254 | D:8      | Reached * piety under Dithmenos
 10721 | D:8      | Reached skill level 10 in Stealth
 10866 | D:8      | Noticed a two-headed ogre
 10892 | D:8      | Killed a two-headed ogre
 11079 | D:8      | Reached skill level 5 in Fighting
 11241 | D:8      | Reached XP level 10. HP: 49/49 MP: 16/19
 11281 | D:8      | Found a basalt altar of Yredelemnul.
 11537 | D:9      | Noticed IceCat's ghost (journeyman GrFi)
 11746 | D:9      | Reached ** piety under Dithmenos
 12308 | D:9      | Noticed Maurice
 12311 | D:9      | Killed Maurice
 12311 | D:9      | Reached skill level 11 in Stealth
 12529 | D:9      | Killed IceCat's ghost
 12529 | D:9      | Reached skill level 10 in Dodging
 13194 | D:9      | Found a sparkling altar of Nemelex Xobeh.
 13407 | D:10     | Entered Level 10 of the Dungeon
 13422 | D:10     | Noticed a two-headed ogre
 13425 | D:10     | Killed a two-headed ogre
 13681 | D:10     | Reached skill level 12 in Stealth
 13728 | D:10     | Noticed a two-headed ogre
 13733 | D:10     | Found a staircase to the Lair.
 13992 | D:10     | Noticed a two-headed ogre
 14022 | D:10     | Reached XP level 11. HP: 54/54 MP: 18/21
 14043 | D:10     | Reached *** piety under Dithmenos
 14065 | D:10     | Killed a two-headed ogre
 14170 | D:10     | Reached skill level 5 in Shields
 14452 | D:10     | Killed a two-headed ogre
 15484 | Lair:1   | Entered Level 1 of the Lair of Beasts
 15531 | Lair:1   | Reached **** piety under Dithmenos
 15667 | Lair:1   | Reached skill level 13 in Stealth
 16597 | Lair:1   | Learned a level 3 spell: Ozocubu's Armour
 16730 | Lair:2   | Reached skill level 1 in Charms
 16752 | Lair:2   | Found a hole to the Spider Nest.
 17035 | Lair:2   | Noticed an oklob plant
 17035 | Lair:2   | Noticed an oklob plant
 17848 | Lair:3   | Reached XP level 12. HP: 58/63 MP: 15/25
 18008 | Lair:3   | Noticed a five-headed hydra
 18015 | Lair:3   | Killed a five-headed hydra
 18040 | Lair:3   | Noticed an eight-headed hydra
 18044 | Lair:3   | Noticed a fire dragon
 18061 | Lair:3   | Killed an eight-headed hydra
 18151 | Lair:3   | Killed a fire dragon
 18151 | Lair:3   | Reached skill level 5 in Charms
 18390 | Lair:3   | Reached ***** piety under Dithmenos
 18667 | Lair:4   | Noticed a four-headed hydra
 19193 | Lair:4   | Reached skill level 14 in Stealth
 19230 | Lair:4   | Reached skill level 10 in Short Blades
 19426 | Lair:4   | Killed a four-headed hydra
 19561 | Lair:4   | Found a staircase to the Shoals.
 19982 | Lair:5   | Found a viscous altar of Jiyva.
 19982 | Lair:5   | Found a staircase to the Slime Pits.
 20381 | Lair:5   | Reached skill level 15 in Stealth
 20678 | Lair:5   | Reached XP level 13. HP: 69/69 MP: 21/26
 21346 | Lair:6   | Entered Level 6 of the Lair of Beasts
 22349 | Lair:5   | Reached skill level 16 in Stealth
 22477 | Lair:5   | Reached ****** piety under Dithmenos
 24466 | Lair:6   | Reached skill level 17 in Stealth
 25300 | Lair:1   | Identified a scroll of acquirement
 25301 | Lair:1   | Got a warped rapier
 25305 | Lair:1   | Identified the +1 rapier "Mabesek" {pierce, rF+} (You acquired it on level 1 of the Lair of Beasts)
 25498 | D:11     | Found a flagged portal.
 25513 | D:11     | Learned a level 1 spell: Infusion
 25516 | D:11     | Learned a level 2 spell: Shroud of Golubria
 25548 | Bailey   | Entered a bailey
 25965 | Bailey   | Got a brightly glowing eveningstar
 26217 | D:11     | Noticed Dommiel19's ghost (journeyman MiFi)
 26781 | D:11     | Found a staircase to the Orcish Mines.
 26804 | D:11     | Reached XP level 14. HP: 76/76 MP: 20/27
 26901 | D:11     | Noticed Sonja
 26908 | D:11     | Killed Sonja
 26908 | D:11     | Reached skill level 10 in Fighting
 27476 | D:11     | Killed Dommiel19's ghost
 27743 | D:11     | Noticed Nergalle
 27771 | D:11     | Killed Nergalle
 27871 | Orc:1    | Entered Level 1 of the Orcish Mines
 28057 | Orc:2    | Entered Level 2 of the Orcish Mines
 28822 | Orc:2    | Found a roughly hewn altar of Beogh.
 28928 | Orc:2    | Found Ynwucuri's General Store.
 28941 | Orc:2    | Found Panajuz's Food Shop.
 28955 | Orc:2    | Reached skill level 18 in Stealth
 29470 | Orc:2    | Found a staircase to the Elven Halls.
 29747 | Orc:2    | Found Fuokin's Distillery.
 30014 | Orc:2    | Noticed an orc warlord
 30517 | Orc:2    | Found a roughly hewn altar of Beogh.
 30865 | Orc:2    | Killed an orc warlord
 31730 | Orc:2    | Found Nump's Weapon Shoppe.
 32066 | Orc:1    | Found Zeqero's Magic Scroll Shop.
 32066 | Orc:1    | Noticed Josephine
 32084 | Orc:2    | Killed Josephine
 32637 | Orc:1    | Noticed Fannar
 33139 | Orc:1    | Killed Fannar
 33284 | Orc:1    | Noticed Snorg
 33461 | Orc:1    | Killed Snorg
 34864 | D:13     | Got a smoking fustibalus
 35022 | D:13     | Reached XP level 15. HP: 81/81 MP: 28/28
 35701 | D:14     | Reached skill level 19 in Stealth
 35766 | D:14     | Identified the +11 eveningstar of Equivalence {elec, +Fly rPois rC- Dex+4} (You found it in a bailey)
 35767 | D:14     | Identified the +6 fustibalus "Joriov" {velocity, +Blink} (You found it on level 13 of the Dungeon)
 35953 | Lair:1   | Learned a level 4 spell: Cause Fear
 36802 | D:14     | Found a gate to the Vaults.
 37031 | D:14     | Found a sacrificial altar of Ru.
 37068 | D:15     | Entered Level 15 of the Dungeon
 37224 | D:15     | Found a corrupted altar of Lugonu.
 37623 | D:15     | Found a staircase to the Depths.
 38055 | D:15     | Noticed Roxanne
 38506 | Elf:1    | Entered Level 1 of the Elven Halls
 38530 | Elf:1    | Found Fudumet's Jewellery Shoppe.
 40335 | Shoals:1 | Entered Level 1 of the Shoals
 40419 | Shoals:1 | Found Kofu Hai's Food Shoppe.
 40496 | Shoals:1 | Noticed Aizul
 40512 | Shoals:1 | Killed from afar by Aizul

Skill      XL: |  1  2  3  4  5  6  7  8  9 10 11 12 13 14 15 |
---------------+----------------------------------------------+-----
Hexes          | 4 5 8 |  8.2
Spellcasting   | 3 4 5 6 8 |  8.0
Ice Magic      | 1 2 |  2.1
Stealth        | 5 6 7 9 10 12 13 15 17 18 19 | 19.9
Fighting       | 1 2 3 5 6 7 8 9 10 11 | 11.6
Short Blades   | 2 3 4 5 6 8 9 10 12 13 14 | 14.6
Dodging        | 4 5 7 9 10 12 14 | 14.1
Shields        | 2 3 4 5 7 |  7.2
Charms         | 2 5 |  5.0

Action                   |  1- 3 |  4- 6 |  7- 9 | 10-12 | 13-15 || total
-------------------------+-------+-------+-------+-------+-------++-------
Melee: Dagger            |   117 |   139 |    30 |       |       ||   286
       Rapier            |       |       |   201 |   324 |   998 ||  1523
 Cast: Corona            |    10 |     2 |     4 |     2 |       ||    18
       Ensorcelled Hiber |    18 |    92 |    81 |   176 |   213 ||   580
       Confuse           |     4 |    11 |    43 |    66 |   178 ||   302
       Dazzling Spray    |       |       |     1 |    11 |   152 ||   164
       Tukima's Dance    |       |       |     4 |     7 |    15 ||    26
       Ozocubu's Armour  |       |       |       |     2 |    40 ||    42
       Shroud of Golubri |       |       |       |       |    32 ||    32
       Infusion          |       |       |       |       |    13 ||    13
       Cause Fear        |       |       |       |       |     5 ||     5
 Abil: Evoke Flight      |       |       |       |       |     2 ||     2
  Use: Scroll            |       |       |     2 |    20 |     7 ||    29
       Potion            |       |       |     1 |     3 |     7 ||    11
 Stab: Sleeping          |    20 |    55 |    62 |   151 |   251 ||   539
       Confused          |     1 |     3 |    26 |    40 |    87 ||   157
       Invisible         |       |       |       |     3 |    40 ||    43
       Distracted        |       |       |       |       |    10 ||    10
  Eat: Ration            |       |     3 |     7 |     5 |    10 ||    25
Armor: Robe              |    12 |    14 |     6 |     7 |    33 ||    72
Dodge: Dodged            |   130 |   110 |   152 |   223 |   538 ||  1153
Block: Buckler           |       |       |       |       |   245 ||   245
